 Dungeon Crawl Stone Soup version 0.22-a0-558-gc224181 (webtiles) character file.

3720 Hebeh the Cleaver (level 9, 0/82 HPs)
             Began as a Minotaur Fighter on June 27, 2018.
             Was a Believer of Trog.
             Slain by a two-headed ogre
             ... wielding a +0 giant spiked club
              (14 damage)
             ... on level 8 of the Dungeon.
             The game lasted 00:24:25 (8827 turns).

Hebeh the Cleaver (Minotaur Fighter)                Turns: 8827, Time: 00:24:26

Health: 0/82       AC: 15    Str: 25    XL:     9   Next: 92%
Magic:  8/8        EV:  6    Int:  5    God:    Trog [**....]
Gold:   340        SH: 11    Dex:  9    Spells: 8/8 levels left

rFire    . . .     SeeInvis +   a - +5 war axe
rCold    . . .     Gourm    .   c - +0 shield
rNeg     . . .     Faith    .   z - +0 plate armour
rPois    .         Spirit   .   (helmet restricted)
rElec    .         Reflect  .   (no cloak)
rCorr    .         Harm     .   m - +0 pair of gloves
MR       .....                  (no boots)
Stlth    ..........             (no amulet)
HPRegen  0.23/turn              v - ring of see invisible
MPRegen  0.11/turn              (no ring)

@: no status effects
A: retaliatory headbutt, horns 2
a: Berserk, Trog's Hand, Renounce Religion


You were on level 8 of the Dungeon.
You worshipped Trog.
Trog was pleased with you.
You were hungry.

You visited 2 branches of the dungeon, and saw 9 of its levels.

You collected 340 gold pieces.

Inventory:

Hand Weapons
 a - a +5 war axe (weapon)
Armour
 c - a +0 shield (worn)
 m - a +0 pair of gloves (worn)
 z - a +0 plate armour (worn)
Jewellery
 b - an uncursed amulet of harm {unknown}
 v - a ring of see invisible (left hand)
Wands
 k - a wand of polymorph (22)
 o - a wand of iceblast (8)
 B - a wand of acid (6)
 E - a wand of paralysis (17)
Scrolls
 g - a scroll of teleportation
 h - 2 scrolls of magic mapping
 n - 2 scrolls of fear
 t - 2 scrolls of enchant armour
 u - 2 scrolls of remove curse
 x - 7 scrolls of identify
 y - a scroll of holy word {unknown}
Potions
 d - 3 potions of might
 e - 2 potions of curing
 i - 3 potions of heal wounds {unknown}
 j - 3 potions of flight {unknown}
 l - 2 potions of berserk rage {unknown}
 p - a potion of degeneration {unknown}
 q - a potion of magic {unknown}
 r - a potion of brilliance {unknown}
 s - a potion of haste {unknown}
 w - a potion of agility {unknown}
 A - a potion of cancellation {unknown}
 D - a potion of lignification {unknown}
Comestibles
 f - 18 rations
 C - 6 chunks of flesh


   Skills:
 + Level 8.4 Fighting
 * Level 10.9 Axes
 + Level 8.5 Armour
 + Level 8.5 Shields


You had 8 spell levels left.
You didn't know any spells.
Your spell library was empty.

Dungeon Overview and Level Annotations

Branches:
Dungeon (8/15)             Temple (1/1) D:5
   Lair: D:8-11

Altars:
Cheibriados
Dithmenos
Elyvilon
Fedhas
Hepliaklqana
Kikubaaqudgha
Makhleb
Nemelex Xobeh
Okawaru
Qazlal
Ru
Sif Muna
Trog
Uskayaw
Wu Jian
Xom
The Shining One


Innate Abilities, Weirdness & Mutations

You reflexively headbutt those who attack you in melee.
You have a pair of horns on your head.


Message History

The two-headed ogre hits you with a giant spiked club!!
You block the two-headed ogre's attack.
You are too injured to fight recklessly!
You are too injured to fight recklessly!
Unknown command.
You are too injured to fight recklessly!
You hit the two-headed ogre. You headbutt the two-headed ogre.
The two-headed ogre is almost dead.
You hit the two-headed ogre. You headbutt the two-headed ogre.
The two-headed ogre is almost dead.
You are feeling hungry.
The two-headed ogre hits you with a giant spiked club!
* * * LOW HITPOINT WARNING * * *
You block the two-headed ogre's attack.
You hit the two-headed ogre but do no damage.
You headbutt the two-headed ogre.
The two-headed ogre is almost dead.
You block the two-headed ogre's attack.
The two-headed ogre hits you with a giant club!
You die...

### #########.#
#......)..# #.#######p#
#.# #.# #.# #)# #.# #.#
#########.#######.#######
................@.......>
......###.######O.(......
#####.###.####.#.#####.##
....#..............$.....
..#.#######....#........
..#........###.#####..<#
..#.######........ #.#
..#......#..##.### #
..#..#.......#


You could see a two-headed ogre and a neutral freed slave (wandering).

Vanquished Creatures
  Pikel (D:8)
  A hornet (D:7)
  A troll (D:8)
  Prince Ribbit (D:8)
  A soldier ant (D:8)
  A slave (D:8)
  2 phantoms (D:6)
  4 ogres
  5 bullfrogs
  A scorpion (D:8)
  A water moccasin skeleton (D:6)
  3 killer bees (D:7)
  4 wights (D:7)
  A howler monkey (D:4)
  4 crimson imps
  2 jellies (D:7)
  2 hounds
  2 bullfrog zombies
  4 orc priests
  Jessica (D:3)
  An iguana (D:7)
  10 orc wizards
  10 worker ants
  Natasha (thrice) (D:2)
  A hound skeleton (D:4)
  A worker ant zombie (D:6)
  A howler monkey zombie (D:5)
  2 gnolls (D:1)
  3 adders
  3 oozes
  An adder zombie (D:8)
  A worm (D:3)
  3 dart slugs
  4 leopard geckos
  17 orcs
  4 giant cockroaches
  8 goblins
  6 hobgoblins
  4 quokkas
  2 ball pythons
  7 bats
  A frilled lizard (D:3)
  A jackal zombie (D:5)
  11 kobolds
  A leopard gecko skeleton (D:4)
  10 rats
158 creatures vanquished.

Notes
Turn   | Place    | Note
-------+----------+-------------------------------------------
     0 | D:1      | Hebeh the Minotaur Fighter began the quest for the Orb.
     0 | D:1      | Reached XP level 1. HP: 19/19 MP: 0/0
    74 | D:1      | Reached XP level 2. HP: 7/27 MP: 1/1
   332 | D:1      | Reached skill level 3 in Axes
   497 | D:1      | Reached XP level 3. HP: 29/33 MP: 2/2
  1805 | D:2      | Reached XP level 4. HP: 40/40 MP: 3/3
  1814 | D:2      | Found a blossoming altar of Fedhas.
  1832 | D:2      | Found a white marble altar of Elyvilon.
  1893 | D:2      | Noticed Natasha
  1902 | D:2      | Killed Natasha
  1902 | D:2      | Reached skill level 4 in Axes
  2023 | D:2      | Found a shimmering altar of Xom.
  2397 | D:2      | Noticed Natasha
  2401 | D:2      | Killed Natasha
  2597 | D:2      | Noticed Natasha
  2608 | D:2      | Killed Natasha
  2608 | D:2      | Reached XP level 5. HP: 39/47 MP: 4/4
  2844 | D:3      | Noticed Jessica
  2851 | D:3      | Killed Jessica
  3302 | D:3      | Reached skill level 5 in Axes
  3593 | D:4      | Noticed an ogre
  3598 | D:4      | Killed an ogre
  3598 | D:4      | Reached skill level 5 in Armour
  3598 | D:4      | Reached skill level 5 in Shields
  3598 | D:4      | Reached XP level 6. HP: 31/55 MP: 5/5
  3867 | D:4      | Reached skill level 5 in Fighting
  4154 | D:4      | Reached skill level 6 in Axes
  4467 | D:5      | Entered Level 5 of the Dungeon
  4472 | D:5      | Reached XP level 7. HP: 50/61 MP: 6/6
  4716 | D:5      | Found a staircase to the Ecumenical Temple.
  4746 | Temple   | Entered the Ecumenical Temple
  4843 | Temple   | Became a worshipper of Trog the Wrathful
  5035 | D:5      | Reached skill level 7 in Axes
  5180 | D:5      | Reached XP level 8. HP: 66/70 MP: 7/7
  5481 | D:6      | Found a shadowy altar of Dithmenos.
  5750 | D:6      | Reached * piety under Trog
  5750 | D:6      | Reached skill level 8 in Axes
  6618 | D:7      | Reached skill level 9 in Axes
  6760 | D:7      | Reached XP level 9. HP: 52/79 MP: 8/8
  6959 | D:7      | Found a sacrificial altar of Ru.
  7154 | D:7      | Found a burning altar of Makhleb.
  7154 | D:7      | Found a hazy altar of Hepliaklqana.
  7274 | D:7      | Paralysed by a hornet for 2 turns
  7283 | D:8      | Reached ** piety under Trog
  7853 | D:8      | Noticed a troll
  7867 | D:8      | Killed a troll
  7867 | D:8      | Reached skill level 10 in Axes
  8293 | D:8      | Noticed Prince Ribbit
  8323 | D:8      | Killed Prince Ribbit
  8582 | D:8      | Noticed a two-headed ogre
  8789 | D:8      | Noticed Pikel
  8798 | D:8      | Paralysed by Pikel for 6 turns
  8809 | D:8      | Killed Pikel
  8827 | D:8      | Slain by a two-headed ogre

Vault maps used:
D:1:      roderic_dead_forest, wad_floor_pattern_1
D:2:      xom_teletrap_fun, elyvilon_altar_4, fedhas_altar_1, uniq_natasha
D:3:      uniq_crazy_yiuf_cottage, uniq_jessica
D:4:      minmay_crossroads
D:5:      minmay_temple_entry_grid, first_ration, grunt_decor_fettered,
          minmay_small_thing
D:6:      grunt_dithmenos_shadows
D:7:      gammafunk_temple_overflow_pools, grunt_ogre_cave,
          nicolae_ru_the_path_less_chosen
D:8:      lightli_ossuary_entry_decrepit_ruins, uniq_prince_ribbit1, uniq_pikel
Temple:   hc_temple_tempest_star

Skill      XL: |  1  2  3  4  5  6  7  8  9 |
---------------+----------------------------+-----
Axes           | 3 4 5 6 7 9 10 | 10.9
Shields        | 4 5 6 7 8 |  8.5
Fighting       | 4 5 6 7 8 |  8.4
Armour         | 4 5 6 7 8 |  8.5

Action                   |  1- 3 |  4- 6 |  7- 9 || total
-------------------------+-------+-------+-------++-------
Melee: War axe           |    67 |   110 |   279 ||   456
       Headbutt          |    10 |    18 |    55 ||    83
  Use: Scroll            |       |     6 |     7 ||    13
       Potion            |       |       |     1 ||     1
  Eat: Chunk             |     1 |     6 |    11 ||    18
       Ration            |     1 |       |     1 ||     2
Armor: Scale mail        |    32 |    36 |    22 ||    90
       Plate armour      |       |       |   107 ||   107
Dodge: Dodged            |    24 |    28 |    44 ||    96
Block: Shield            |    35 |    44 |   139 ||   218

Table legend:
 A = Spawn XP
 B = Non-spawn XP
 C = Spawn XP percentage of total XP
 D = Spawn monster count
 E = Non-spawn monster count
 F = Spawn count percentage of total count
 G = Total turns spent on level
                    A         B        C        D         E        F      G
               +---------+---------+-------+---------+---------+-------+---------
         Total |       0 |    5315 |   0.0 |       0 |     157 |   0.0 |  8827
               +---------+---------+-------+---------+---------+-------+---------
           D:1 |       0 |      90 |   0.0 |       0 |      30 |   0.0 |  1753
           D:2 |       0 |     140 |   0.0 |       0 |      18 |   0.0 |   891
           D:3 |       0 |     135 |   0.0 |       0 |      20 |   0.0 |   876
           D:4 |       0 |     431 |   0.0 |       0 |      12 |   0.0 |  1173
           D:5 |       0 |     643 |   0.0 |       0 |      18 |   0.0 |   573
           D:6 |       0 |     749 |   0.0 |       0 |      18 |   0.0 |   874
           D:7 |       0 |    1214 |   0.0 |       0 |      19 |   0.0 |  1257
           D:8 |       0 |    1913 |   0.0 |       0 |      22 |   0.0 |  1305
               +---------+---------+-------+---------+---------+-------+---------
